 Dungeon Crawl Stone Soup version 0.25.1-2-g60ff931df9 (webtiles) character file.

Game seed: 12338831897539377880

51 Exodus22XD the Sneak (level 3, -8/18 HPs)
             Began as a Spriggan Assassin on Nov 8, 2020.
             Killed from afar by an orc wizard (11 damage)
             ... with a puff of frost
             ... on level 2 of the Dungeon.
             The game lasted 00:01:38 (1239 turns).

Exodus22XD the Sneak (Spriggan Assassin)            Turns: 1239, Time: 00:01:39

Health: -8/18      AC:  3    Str:  8    XL:     3   Next: 57%
Magic:  4/4        EV: 17    Int: 12    God:
Gold:   26         SH:  0    Dex: 17    Spells: 2/2 levels left

rFire    . . .     SeeInvis +   a - +2 dagger
rCold    . . .     Gourm    .   (shield restricted)
rNeg     . . .     Faith    .   b - +0 robe
rPois    .         Spirit   .   (helmet restricted)
rElec    .         Reflect  .   c - +0 cloak
rCorr    .         Harm     .   (gloves unavailable)
MR       .....                  (boots unavailable)
Stlth    ++++......             (no amulet)
HPRegen  0.06/turn              (no ring)
MPRegen  0.09/turn              (no ring)

@: very quick
A: very small, unfitting armour, see invisible, herbivore, speed 3, slow
metabolism 2
a: no special abilities


You were on level 2 of the Dungeon.
You were not hungry.

You visited 1 branch of the dungeon, and saw 2 of its levels.

You collected 26 gold pieces.

Inventory:

Hand Weapons
 a - a +2 dagger (weapon)
Missiles
 d - 15 poisoned darts (quivered)
 e - 2 curare-tipped darts
Armour
 b - a +0 robe (worn)
 c - a +0 cloak (worn)
 i - a +0 buckler
Scrolls
 g - a scroll of random uselessness {unknown}
 k - a scroll of enchant weapon {unknown}
 l - a scroll of identify {unknown}
Potions
 h - a potion of heal wounds {unknown}
 j - a potion of flight {unknown}
Comestibles
 f - 3 rations


   Skills:
 + Level 2.0 Fighting
 + Level 2.5 Short Blades
 + Level 2.2 Throwing
 + Level 2.1 Dodging
 + Level 7.0 Stealth


You had 2 spell levels left.
You didn't know any spells.
Your spell library was empty.

Dungeon Overview and Level Annotations

Branches:
Dungeon (2/15)

Altars:


Innate Abilities, Weirdness & Mutations

You are very small and have problems with some larger weapons.
You are too small for most types of armour.
You have supernaturally acute eyesight. (SInv)
You are a herbivore.
You cover ground extremely quickly.
You need to consume almost no food.


Message History

You hit the orc but do no damage.
The orc is moderately wounded.
You feel a bit more experienced.
There is a stone staircase leading up here.
Throwing (i - inventory. (/) - cycle)
d - 17 poisoned darts (quivered)
Press: ? - help, Shift-Dir - straight line, f - orc
Aim: an orc, wearing a +0 ring mail (almost dead)
You throw a poisoned dart. The poisoned dart hits the orc.
The orc is poisoned.
The orc is almost dead.
You kill the orc!
Throwing (i - inventory. (/) - cycle)
d - 16 poisoned darts (quivered)
Press: ? - help, Shift-Dir - straight line, f - orc wizard
Aim: an orc wizard, wielding a +0 dagger and wearing a +0 robe (lightly wounded, fast, slightly transparent)
You throw a poisoned dart. The poisoned dart hits the orc wizard.
The orc wizard is poisoned.
The orc wizard is lightly wounded.
The orc wizard gestures at you while chanting.
The puff of frost hits you!
Ouch! That really hurt!
You die...

#.##.########...#
#.##.##########.#
#.##.#...o(oo.().
#.##.#o#######..(
#.##.#o#.........
#.##.#.....##....
##.##.#......#....
#.....#o#....#....
#@......#....#.###
#########....#.#
...#.# ##.#.# .#.#
#.# #.# #..


You could see an orc wizard (fast, invisible, poisoned).

Vanquished Creatures
  A gnoll (D:1)
  An ooze (D:1)
  2 dart slugs (D:1)
  A leopard gecko (D:1)
  2 orcs (D:2)
  4 bats (D:1)
  3 giant cockroaches
  3 goblins (D:1)
  A hobgoblin (D:1)
  3 jackals (D:1)
  A frilled lizard (D:1)
  4 kobolds
  A rat (D:1)
27 creatures vanquished.

Notes
Turn   | Place    | Note
-------+----------+-------------------------------------------
     0 | D:1      | Exodus22XD the Spriggan Assassin began the quest for the
                  | Orb.
     0 | D:1      | Reached XP level 1. HP: 10/10 MP: 2/2
    64 | D:1      | Reached skill level 6 in Stealth
    84 | D:1      | Reached XP level 2. HP: 9/15 MP: 3/3
   588 | D:1      | Reached XP level 3. HP: 12/18 MP: 4/4
  1220 | D:2      | Reached skill level 7 in Stealth
  1239 | D:2      | Killed from afar by an orc wizard

Illustrated notes

Levels and vault maps discovered:
D:1:      roderic_crop_circles_arrival_small, layout_loops_ring,
          minmay_misc_feat_alley
D:2:      layout_basic, minmay_misc_feat_nine_boxes,
          nicolae_ru_sacrificial_ziggurat, uniq_sigmund, uniq_natasha,
          uniq_robin

Skill      XL: |  1  2  3 |
---------------+----------+-----
Stealth        | 6 7 |  7.0
Fighting       | 2 |  2.0
Dodging        | 2 |  2.1
Short Blades   | |  2.5
Throwing       | |  2.2

Action                   || total
-------------------------++-------
Melee: Dagger            ||    87
Throw: Dart              ||    15
 Stab: Sleeping          ||    10
Armor: Robe              ||    12
Dodge: Dodged            ||    73
